 Dungeon Crawl Stone Soup version 0.30-a0-1016-gfb0d676c02 (webtiles) character file.

Game seed: 2647117669120548724

172 gelatine the Shield-Bearer (level 5, -7/40 HPs)
             Began as a Demonspawn Wanderer on Apr 6, 2023.
             Was a Follower of Qazlal.
             Mangled by an ice beast (13 damage)
             ... on level 3 of the Dungeon.
             The game lasted 00:09:48 (3293 turns).

gelatine the Shield-Bearer (Demonspawn Wanderer)    Turns: 3293, Time: 00:09:49

Health: -7/40      AC:  6    Str: 10    XL:     5   Next: 27%
Magic:  1/9        EV: 11    Int: 14    God:    Qazlal [*.....]
Gold:   193        SH:  9    Dex: 14    Spells: 9/10 levels left

rFire   . . .      SeeInvis .    a - +0 dagger
rCold   . . .      Faith    .    c - +2 buckler
rNeg    . . .      Spirit   .    k - +0 leather armour
rPois   .          Reflect  .    (no helmet)
rElec   .          Rampage  .    g - +0 cloak
rCorr   .                        (no gloves)
Will    .....                    (no boots)
Stlth   +                        m - amulet of the acrobat
HPRegen 0.26/turn                (no ring)
MPRegen 0.11/turn                (no ring)

@: very slightly contaminated
A: sharp scales 2, dopey 1, robust 1
a: Renounce Religion


You were on level 3 of the Dungeon.
You worshipped Qazlal.
Qazlal was aware of your devotion.
You visited 1 branch of the dungeon, and saw 3 of its levels.

You collected 193 gold pieces.

Inventory:

Hand Weapons
 a - a +0 dagger (weapon)
Missiles
 b - 19 poisoned darts
 h - a throwing net
 j - 4 silver javelins
 n - 4 silver boomerangs
 p - 3 atropa-tipped darts
 s - 4 javelins
Armour
 c - a +2 buckler (worn)
 e - a +0 robe
 g - a +0 cloak (worn)
 k - a +0 leather armour (worn)
Jewellery
 m - an amulet of the acrobat (around neck)
Scrolls
 d - a scroll of vulnerability
 i - 2 scrolls of teleportation
 l - a scroll of fog {unknown}
Potions
 f - a potion of curing
 o - 2 potions of magic {unknown}
 q - a potion of berserk rage {unknown}
 r - a potion of flight {unknown}
 t - a potion of resistance {unknown}


   Skills:
 * Level 1.0 Fighting
 + Level 0.2 Short Blades
 + Level 1.7 Throwing
 + Level 1.3 Armour
 * Level 1.1 Dodging
 * Level 4.7 Shields
 * Level 3.1 Spellcasting
 * Level 2.3 Ice Magic


You had 9 spell levels left.
You knew the following spells:

 Your Spells              Type           Power      Damage    Failure   Level
a - Freeze                Ice            32%        1d5       14%         1

Your spell library contained the following spells:

 Spells                   Type           Power      Damage    Failure   Level
 Apportation              Tloc           4%         N/A       36%         1
 Magic Dart               Conj           8%         1d3       36%         1
 Scorch                   Fire           4%         2d5       50%         2
 Searing Ray              Conj           4%         2d4       50%         2
 Hailstorm                Conj/Ice       5%         3d4       56%         3
 Vhi's Electric Charge    Tloc/Air       4%         N/A       73%         3
 Flame Wave               Conj/Fire      2%         2d4       98%         4
 Fulminant Prism          Conj/Hex       1%         3d5       98%         4
 Alistair's Intoxication  Tmut/Pois      1%         N/A       100%        5
 Arcjolt                  Conj/Air       1%         1d11      100%        5
 Summon Cactus Giant      Summ           1%         N/A       100%        6
 Maxwell's Capacitive Co  Air            1%         ∞         100%        8


Dungeon Overview and Level Annotations

Branches:
Dungeon (3/15)

Altars:
Qazlal

Shops:
D:1 :   D:3 ?


Innate Abilities, Weirdness & Mutations

You are mostly covered in razor-sharp scales. (AC +2, Slay +2)
You are dopey. (Int -2)
You are robust. (+10% HP)


Message History

The ice beast freezes you!
You freeze the ice beast but do no damage.
The ice beast completely resists.
You block the ice beast's attack.
You freeze the ice beast but do no damage.
The ice beast completely resists.
The ice beast hits you but does no damage.
You miscast Freeze.
Nothing appears to happen.
The ice beast hits you but does no damage.
You freeze the ice beast but do no damage.
The ice beast completely resists.
The ice beast hits you but does no damage.
You freeze the ice beast but do no damage.
The ice beast completely resists.
The ice beast hits you. The ice beast freezes you!
You are too injured to fight recklessly!
You hit the ice beast.
The ice beast is lightly wounded.
You block the ice beast's attack.
You hit the ice beast but do no damage.
The ice beast is lightly wounded.
The ice beast hits you but does no damage.
You hit the ice beast.
The ice beast is lightly wounded.
The ice beast hits you but does no damage.
You hit the ice beast.
The ice beast is moderately wounded.
The ice beast barely misses you.
You hit the ice beast.
The ice beast is heavily wounded.
The ice beast misses you.
You hit the ice beast.
The ice beast is heavily wounded.
The ice beast hits you. The ice beast freezes you!
* * * LOW HITPOINT WARNING * * *
You barely miss the ice beast.
The ice beast is heavily wounded.
The ice beast hits you.
* * * LOW HITPOINT WARNING * * *
The ice beast freezes you!
You die...

########
##......#
...####.###
####
.#.........
.$#
...####.###
#.#####
#..####.#
#.....###
........#
#.@Y....#
#..######
#.###.#.#
...#
#.###.#.#
##.#
#######
#.##..#.#
##.#
#.....#
#.##.##.#
...##
#.....#
#.##.##.#
....#
#.)...#
#.......#
###.#
#.....#
####.#### #
#.# #.....#
#...#


You could see an ice beast.

Vanquished Creatures
  An orc wizard (D:3)
  4 adders
  4 gnolls (D:3)
  3 worms
  A dart slug (D:1)
  3 orcs (D:3)
  4 ball pythons
  A bat (D:3)
  7 endoplasms
  3 giant cockroaches
  4 goblins
  3 hobgoblins
  5 quokkas
  3 frilled lizards
  7 kobolds
  5 rats
58 creatures vanquished.

Notes
Turn   | Place    | Note
-------+----------+-------------------------------------------
     0 | D:1      | gelatine the Demonspawn Wanderer began the quest for the
                  | Orb.
     0 | D:1      | gelatine set off with the following items: a +0 dagger, 7
                  | poisoned darts, a +2 buckler, a scroll of vulnerability, a
                  | +0 robe; and the following spell memorised: Freeze; and the
                  | following spells available to memorise: Hailstorm.
     0 | D:1      | Reached XP level 1. HP: 13/13 MP: 2/2
    39 | D:1      | Found Icurph's Book Shoppe.
   269 | D:1      | Gained mutation: You are partially covered in razor-sharp
                  | scales. (AC +1, Slay +1) [demonic ancestry]
   269 | D:1      | Reached XP level 2. HP: 16/20 MP: 1/3
  1189 | D:2      | Reached XP level 3. HP: 25/25 MP: 2/5
  1197 | D:2      | Gained mutation: You are robust. (+10% HP) [potion of
                  | mutation]
  1197 | D:2      | Gained mutation: You are dopey. (Int -2) [potion of
                  | mutation]
  2143 | D:3      | Found a stormy altar of Qazlal.
  2152 | D:3      | Became a worshipper of Qazlal Stormbringer
  2292 | D:3      | Found Ugailid's Magic Scroll Shop.
  2298 | D:3      | Gained mutation: You are mostly covered in razor-sharp
                  | scales. (AC +2, Slay +2) [demonic ancestry]
  2298 | D:3      | Reached XP level 4. HP: 34/34 MP: 7/7
  2792 | D:3      | Reached skill level 1 in Dodging
  2928 | D:3      | Reached XP level 5. HP: 33/39 MP: 1/9
  2993 | D:3      | Reached * piety under Qazlal
  3030 | D:3      | Reached skill level 1 in Fighting
  3276 | D:3      | Noticed an ice beast
  3293 | D:3      | Mangled by an ice beast

Illustrated notes

Levels and vault maps discovered:
D:1:      reono_arrival_mine, layout_loops_ring, serial_shops,
          nicolae_shop_stone, grunt_decor_clamped
D:2:      layout_loops_ring
D:3:      layout_loops_cross, mainiacjoe_overflow_alcove_2,
          mainiacjoe_overflow_six_doors_small, serial_shops, shop

Skill      XL: |  1  2  3  4  5 |
---------------+----------------+-----
Spellcasting   | 2 3 |  3.1
Ice Magic      | 2 |  2.3
Dodging        | 1 |  1.1
Fighting       | 1 |  1.0
Short Blades   | |  0.2
Throwing       | |  1.7
Armour         | |  1.3
Shields        | |  4.7

Action                     |  1- 3 |  4- 6 || total
---------------------------+-------+-------++-------
  Melee: Dagger            |    57 |    72 ||   129
  Throw: Dart              |     1 |       ||     1
   Cast: Freeze            |    48 |    59 ||   107
    Use: Scroll            |     3 |       ||     3
         Potion            |     1 |     1 ||     2
   Stab: Sleeping          |     1 |       ||     1
 Armour: Robe              |    14 |       ||    14
         Leather armour    |     5 |    28 ||    33
  Dodge: Dodged            |    37 |    44 ||    81
  Block: Buckler           |    17 |    45 ||    62

Table legend: (Time is in decaauts)
 A = Elapsed time spent in this place.
 B = Non-inter-level travel time spent in this place.
 C = Inter-level travel time spent in this place.
 D = Time resting spent in this place.
 E = Time spent auto-exploring this place.
 F = Levels seen in this place.
 G = Mean time per level.
                   A        B        C        D        E       F      G
               +--------+--------+--------+--------+--------+-----+--------+
         Total |   3298 |   3218 |     80 |      0 |   2563 |   3 | 1099.3 |
       Dungeon |   3298 |   3218 |     80 |      0 |   2563 |   3 | 1099.3 |
               +--------+--------+--------+--------+--------+-----+--------+

Top non-repeatable levels by time:
     D:3: 1191 daAuts
     D:1: 1123 daAuts
     D:2: 983 daAuts
